 Dungeon Crawl Stone Soup version bcrawl-1.37.2 (webtiles) character file.

Game seed: 8530244343004890398

453833 KristoblXynda the Nimble (level 15, -1/115 HPs)
             Began as a Demonspawn Monk on Oct 23, 2022.
             Was the Champion of Dithmenos.
             Killed from afar by a death drake (19 damage)
             ... with a foul vapour
             ... on level 3 of the Swamp on Nov 19, 2022.
             The game lasted 00:36:42 (27525 turns).

KristoblXynda the Nimble (Demonspawn Monk)         Turns: 27525, Time: 00:36:43

Health: -1/115     AC: 24    Str: 17    XL:     15   Next: 91%
Magic:  21/21      EV: 17    Int: 12    God:    Dithmenos [******]
Gold:   1769       SH: 14    Dex: 16    Spells: 8/14 levels left

rFire    + . .     GDR:     37%   - Fists (22.3)
rCold    + . .     SeeInvis .   a - +2 buckler {reflect}
rNeg     . . .     Gourm    .   u - +3 scale mail {rF+}
rPois    .         Faith    .   (helmet unavailable)
rElec    .         Spirit   .   E - +0 cloak
rCorr    .         Reflect  +   j - +0 pair of gloves
MR       +....                  L - +1 pair of boots
Stlth    +.........             I - +6 amulet of reflection
HPRegen  0.29/turn              M - +2 ring of slaying
MPRegen  0.17/turn              B - +4 ring of protection

@: lethally poisoned (-1 -> -21), wreathed by umbra
A: horns 3, icy blue scales 1, cold resistance 1, powered by pain 3, freezing
cloud immunity
a: Shadow Step, Shadow Form, Renounce Religion


You were on level 3 of the Swamp.
You worshipped Dithmenos.
Dithmenos was exalted by your worship.
You were very hungry.

You visited 4 branches of the dungeon, and saw 22 of its levels.

You collected 2080 gold pieces.
You spent 311 gold pieces at shops.

Inventory:

Missiles
 w - 326 javelins (quivered)
Armour
 a - a +2 buckler of reflection (worn)
 j - a +0 pair of gloves (worn)
 u - a +3 scale mail of fire resistance (worn)
 E - a +0 cloak (worn)
 L - a +1 pair of boots (worn)
 R - a +3 plate armour of fire resistance
Jewellery
 n - an uncursed ring of protection from cold
 B - a +4 ring of protection (right hand)
 I - a +6 amulet of reflection (around neck)
 M - a +2 ring of slaying (left hand)
Wands
 b - a wand of digging (36)
 f - a wand of acid (18)
 q - a wand of iceblast (12)
 x - a wand of disintegration (24)
 D - a wand of paralysis (17)
 F - a wand of clouds (4)
 G - a wand of scattershot (13)
Scrolls
 d - 3 scrolls of immolation
 h - 2 scrolls of fear
 i - a scroll of identify
 l - 4 scrolls of enchant armour
 t - 9 scrolls of remove curse
 y - 8 scrolls of enchant weapon
 A - 2 scrolls of amnesia
 H - 7 scrolls of teleportation
 K - a scroll of magic mapping {unknown}
Potions
 c - 4 potions of ambrosia
 g - 3 potions of resistance
 k - 5 potions of curing
 o - a potion of might
 p - a potion of heal wounds
 r - 3 potions of magic
 v - 4 potions of agility
 z - a potion of mutation
 C - 4 potions of lignification
Miscellaneous
 m - a lamp of fire
 s - a lightning rod (4/4)
 J - a sack of spiders
 N - a sack of spiders
 P - a fan of gales (2/2)
Comestibles
 e - 22 rations {!d}


   Skills:
 - Level 10.0 Fighting
 + Level 12.8 Armour
 + Level 13.1 Dodging
 - Level 2.3 Stealth
 - Level 5.2 Shields
 + Level 13.1 Unarmed Combat
 + Level 6.7 Charms
 - Level 9.0 Invocations
 - Level 5.1 Evocations


You had 8 spell levels left.
You knew the following spells:

 Your Spells              Type           Power        Failure   Level  Hunger
a - Deflect Missiles      Chrm/Air       #.........   100%        6    #######

Your spell library contained the following spells:

 Spells                   Type           Power        Failure   Level  Hunger
 Infusion                 Chrm           ###.....     10%         1    None
 Flaming Arrows           Chrm/Fire      #.......     52%         2    ####...
 Apportation              Tloc           #.....       83%         1    None
 Corona                   Hex            #......      83%         1    None
 Flame Tongue             Conj/Fire      #....        83%         1    None
 Sandblast                Erth           #.....       83%         1    None
 Slow                     Hex            #.......     83%         1    None
 Summon Butterflies       Summ           #.......     83%         1    None
 Summon Small Mammal      Summ           #...         83%         1    None
 Call Imp                 Summ           #.....       93%         2    ####...
 Ensorcelled Hibernation  Hex/Ice        #.....       93%         2    ####...
 Beckoning                Tloc           #.........   99%         3    #####..
 Call Canine Familiar     Summ           #.......     99%         3    #####..
 Confuse                  Hex            #.......     99%         3    #####..
 Conjure Flame            Conj/Fire      #.......     99%         3    #####..
 Dazzling Orbs            Conj/Hex       #......      99%         3    #####..
 Inner Flame              Hex/Fire       N/A          99%         3    #####..
 Tukima's Dance           Hex            #.......     99%         3    #####..
 Cause Fear               Hex            #.........   100%        4    ######.
 Sticky Flame             Conj/Fire      #.......     100%        4    ######.
 Summon Ice Beast         Ice/Summ       #.......     100%        4    ######.
 Bolt of Draining         Conj/Necr      #.........   100%        5    #######
 Bolt of Magma            Conj/Fire/Erth #.........   100%        5    #######
 Fireball                 Conj/Fire      #.........   100%        5    #######
 Metabolic Englaciation   Hex/Ice        #.........   100%        5    #######
 Summon Lightning Spire   Summ/Air       #.......     100%        5    #######
 Bolt of Cold             Conj/Ice       #.........   100%        6    #######
 Borgnjor's Vile Clutch   Necr/Erth      #.........   100%        6    #######
 Darkness                 Hex            #.........   100%        6    #######
 Infestation              Hex/Tmut/Pois  #........    100%        6    #######
 Invisibility             Hex            #.......     100%        6    #######
 Iron Shot                Conj/Erth      #.........   100%        6    #######
 Poison Arrow             Conj/Pois      #.........   100%        6    #######
 Statue Form              Tmut/Erth      #........    100%        6    #######
 Discord                  Hex            #.........   100%        7    #######
 Mana Rupture             Conj/Hex       #.........   100%        7    #######
 Shadow Creatures         Summ           N/A          100%        7    #######
 Time Stop                Chrm/Tloc      N/A          100%        8    #######
 Shatter                  Erth           #.........   100%        9    #######


Dungeon Overview and Level Annotations

Branches:
Dungeon (12/12)            Temple (1/1) D:4            Lair (6/6) D:8
  Swamp (3/3) Lair:2        Snake (0/3) Lair:2        Slime (0/5) Lair:6
    Orc (0/1) D:9          Vaults (0/3) D:12         Depths (0/5) D:12

Altars:
Ashenzari
Cheibriados
Dithmenos
Fedhas
Gozag
Hepliaklqana
Kikubaaqudgha
Lugonu
Makhleb
Nemelex Xobeh
Okawaru
Qazlal
Ru
Sif Muna
Trog
Uskayaw
Vehumet
Wu Jian
Xom
Yredelemnul
Jiyva

Shops:
D:8 [??*   D:11 :

Portals:
Trove: D:12 (give 4 potions of haste)

Annotations:
D:12 3 runed translucent doors, MagicSucks's ghost, adept HOAc


Innate Abilities, Weirdness & Mutations

You have a pair of large horns on your head.
You are partially covered in icy blue scales. (AC +2)
Your flesh is cold resistant. (rC+)
You are powered by pain.
You are immune to freezing clouds.


Message History

Nikola splashes around in the water.
You punch Nikola!
You kill Nikola!
Dithmenos accepts your kill.
You hear a splash. x3
You enter the shallow water.
Moving in this stuff is going to be slow.
Items here: ) [[ † a +0 rapier of distortion; a cursed +0 cloak; a +0 pair of gloves the human corpse of Nikola You start resting.
You feel a little less agile now.
You start resting.
A death drake comes into view.
A death drake is nearby!
A bog body comes into view.
The death drake breathes miasma at you. The foul vapour engulfs you!!
You are lethally poisoned!
You die...

♣≈≈≈≈♣♣♣♣♣ ♣♣
≈≈≈≈.♣≈≈.♣♣.♣♣
♣.≈≈≈?..≈≈...≈
♣≈.≈≈.§.≈≈.≈ ≈<♣≈.
♣.≈≈.♣≈..♣ .≈...
♣♣♣.≈≈≈...≈♣
≈..≈.♣♣≈.≈≈≈≈≈.≈§♣ ♣♣
≈≈≈≈....≈≈.≈≈≈≈≈.♣..♣.≈
.(...≈≈§≈≈≈≈≈≈@.≈..≈...
♣≈.≈≈≈≈≈≈≈≈☼.≈≈≈.≈≈.♣
♣..≈§≈≈≈.≈☼≈.≈≈≈≈≈≈.≈
♣§n.≈≈☼♣♣.≈≈≈≈....
♣♣§≈≈≈≈k♣♣♣♣≈§♣♣♣♣≈
♣§§≈....≈...≈≈≈≈
♣♣..≈♣≈♣.≈≈.≈≈≈≈.
♣♣††♣♣..≈≈≈!≈≈.♣ ♣♣♣♣
.≈≈≈≈. ..♣


You could see a death drake and a bog body (wandering).

Vanquished Creatures
  Nikola (Swamp:3)
  2 thorn hunters
  Roxanne (Swamp:1)
  A dire elephant (D:12)
  10 hydras
  4 vault guards (D:12)
  A hydra (shapeshifter) (D:11)
  3 shambling mangroves
  3 alligators (Swamp:1)
  4 ghost crabs
  A merfolk avatar (Lair:6)
  2 catoblepae
  A tengu warrior (D:12)
  A two-headed ogre (D:10)
  4 death yaks (Lair:5)
  2 sea snakes (Lair:6)
  2 centaur warriors
  2 unseen horrors
  2 spriggan druids (Swamp:2)
  2 wizards (D:12)
  3 wolf spider zombies
  3 wolf spiders
  An orc knight (D:12)
  A cyclops (D:12)
  11 black mambas
  21 elephants
  Joseph (Lair:1)
  A naga mage (D:12)
  2 gargoyles (D:12)
  11 rime drakes
  7 komodo dragons
  17 cane toads
  An efreet (D:12)
  2 kobold demonologists
  An eye of draining (D:10)
  2 tengu conjurers (D:12)
  4 polar bears (Lair:6)
  6 trolls
  10 tyrant leeches
  2 wind drakes (Lair:6)
  A merfolk (D:12)
  20 blink frogs
  4 dream sheep (Lair:6)
  A bog body (Swamp:3)
  22 hornets
  A harpy skeleton (D:12)
  12 hippogriffs
  Sigmund (D:2)
  8 spriggans
  3 wraiths
  12 wyverns
  4 hogs (D:7)
  38 yaks
  3 humans
  20 vampire mosquitoes
  12 basilisks
  2 steam dragons
  4 hungry ghosts
  A naga (Lair:2)
  2 acid dragons
  8 crocodiles
  10 swamp worms
  10 water moccasins
  7 porcupines
  7 orc warriors
  2 black bears (D:8)
  3 ice beasts
  A swamp drake (Swamp:1)
  3 phantoms
  4 sky beasts
  6 ogres
  Blork the orc (D:6)
  12 bullfrogs
  4 kobold brigands
  6 centaurs
  A scorpion (D:8)
  A wyvern skeleton (D:9)
  2 troll zombies (D:9)
  5 wights (D:8)
  3 electric eels
  A howler monkey (D:3)
  8 orc priests
  A bullfrog zombie (D:5)
  9 crimson imps
  6 jellies
  4 hounds
  2 bullfrog skeletons (D:7)
  8 orc wizards
  4 iguanas
  7 worker ants
  A porcupine skeleton (D:10)
  6 ogre zombies (D:9)
  A hound zombie (D:5)
  A worker ant zombie (D:8)
  4 gnolls
  A howler monkey skeleton (D:5)
  15 adders
  A shadow imp (D:7)
  An ooze (D:1)
  An adder skeleton (D:5)
  2 worms (D:2)
  2 dart slugs
  6 leopard geckos
  45 orcs
  5 bats
  3 giant cockroaches
  4 goblins
  14 hobgoblins
  15 jackals
  2 quokkas
  3 frilled lizards
  A goblin skeleton (D:9)
  A goblin zombie (D:9)
  A hobgoblin skeleton (D:9)
  2 hobgoblin zombies (D:9)
  2 jackal skeletons
  17 kobolds
  A kobold zombie (D:6)
  5 orc skeletons (D:9)
  15 orc zombies (D:9)
  A quokka skeleton (D:6)
  4 rats
  2 briar patches (Swamp:1)
658 creatures vanquished.

Vanquished Creatures (others)
  An orc warrior (D:12)
  A briar patch (Swamp:1)
  22 fungi
  45 plants
69 creatures vanquished.

Grand Total: 727 creatures vanquished

Notes
Turn   | Place    | Note
-------+----------+-------------------------------------------
     0 | D:1      | KristoblXynda the Demonspawn Monk began the quest for the
                  | Orb.
     0 | D:1      | Reached XP level 1. HP: 18/18 MP: 2/2
     4 | D:1      | Upgraded the game from bcrawl-1.37.1 to bcrawl-1.37.2
   205 | D:1      | Gained mutation: You are partially covered in icy blue
                  | scales. (AC +2) [demonic ancestry]
   205 | D:1      | Reached XP level 2. HP: 18/24 MP: 4/4
   520 | D:1      | Reached XP level 3. HP: 29/29 MP: 5/5
  1647 | D:2      | Noticed Sigmund
  1673 | D:2      | Killed Sigmund
  1674 | D:2      | Reached XP level 4. HP: 13/37 MP: 2/6
  1674 | D:2      | Gained mutation: You have a pair of small horns on your
                  | head. [demonic ancestry]
  1674 | D:2      | Reached XP level 5. HP: 15/42 MP: 2/7
  2116 | D:2      | Noticed a sky beast
  2128 | D:2      | Killed a sky beast
  2129 | D:2      | Gained mutation: You sometimes gain a little power by
                  | taking damage. [demonic ancestry]
  2129 | D:2      | Reached XP level 6. HP: 35/49 MP: 6/8
  2567 | D:3      | Got a scorched wooden ring
  2570 | D:3      | Identified the ring "Ofonuw" {Ice Dex+4} (You found it on
                  | level 3 of the Dungeon)
  2973 | D:3      | Found a hazy altar of Hepliaklqana.
  2975 | D:3      | Found an opulent altar of Gozag.
  3288 | D:4      | Gained mutation: You have a pair of horns on your head.
                  | [demonic ancestry]
  3288 | D:4      | Reached XP level 7. HP: 25/55 MP: 9/9
  3799 | D:4      | Reached skill level 5 in Fighting
  4095 | D:4      | Found a staircase to the Ecumenical Temple.
  4256 | Temple   | Entered the Ecumenical Temple
  4699 | Temple   | Became a worshipper of Dithmenos the Shadowed
  4699 | Temple   | Reached * piety under Dithmenos
  4699 | Temple   | Reached ** piety under Dithmenos
  4746 | D:5      | Entered Level 5 of the Dungeon
  5051 | D:5      | Reached skill level 5 in Dodging
  5051 | D:5      | Gained mutation: You sometimes gain power by taking damage.
                  | [demonic ancestry]
  5051 | D:5      | Reached XP level 8. HP: 63/63 MP: 10/10
  5119 | D:5      | Reached skill level 5 in Unarmed Combat
  6203 | D:6      | Found a runed door.
  6209 | D:6      | Found a basalt altar of Yredelemnul.
  6231 | D:6      | Reached skill level 5 in Armour
  6404 | D:6      | Reached *** piety under Dithmenos
  6405 | D:6      | Reached XP level 9. HP: 67/71 MP: 9/11
  6535 | D:6      | Noticed Blork the orc
  6548 | D:6      | Killed Blork the orc
  6844 | D:7      | Noticed a troll
  7276 | D:7      | Killed a troll
  7598 | D:7      | Noticed a troll
  7721 | D:7      | Noticed a troll
  7745 | D:7      | Noticed a troll
  7749 | D:7      | Killed a troll
  7763 | D:7      | Killed a troll
  7767 | D:7      | Killed a troll
  7768 | D:7      | Gained mutation: You have a pair of large horns on your
                  | head. [demonic ancestry]
  7768 | D:7      | Reached XP level 10. HP: 26/80 MP: 2/12
  8451 | D:8      | Found Feixkucu's Magic Scroll Shoppe.
  8506 | D:8      | Bought a scroll of identify for 26 gold pieces
  8506 | D:8      | Bought a scroll of teleportation for 39 gold pieces
  8506 | D:8      | Bought a scroll of remove curse for 39 gold pieces
  8527 | D:8      | Found Ycoqoore's Antique Armour Boutique.
  8535 | D:8      | Bought a shiny scale mail for 182 gold pieces
  8694 | D:8      | Reached **** piety under Dithmenos
  8719 | D:8      | Found Rukhloqa's Magic Scroll Emporium.
  8731 | D:8      | Found Uczatof's Assorted Antiques.
  8758 | D:8      | Bought a puce potion for 25 gold pieces
  9197 | D:8      | Found a staircase to the Lair.
  9902 | D:9      | Reached ***** piety under Dithmenos
  9950 | D:9      | Found a staircase to the Orcish Mines.
 10088 | D:9      | Reached XP level 11. HP: 61/89 MP: 11/13
 10438 | D:10     | Entered Level 10 of the Dungeon
 10539 | D:10     | Noticed a two-headed ogre
 10555 | D:10     | Killed a two-headed ogre
 10559 | D:10     | Noticed a centaur warrior
 10598 | D:10     | Killed a centaur warrior
 11610 | D:11     | Noticed a centaur warrior
 11624 | D:11     | Killed a centaur warrior
 11721 | D:11     | Reached skill level 10 in Fighting
 12068 | D:11     | Noticed a five-headed hydra
 12087 | D:11     | Killed a five-headed hydra
 12428 | D:11     | Found Basiloh's Book Shoppe.
 12680 | D:11     | Reached XP level 12. HP: 97/97 MP: 15/15
 12890 | D:11     | Reached skill level 5 in Invocations
 13128 | D:12     | Entered Level 12 of the Dungeon
 13312 | D:12     | Noticed a five-headed hydra
 13327 | D:12     | Killed a five-headed hydra
 13357 | D:12     | Reached skill level 10 in Dodging
 13425 | D:12     | Noticed a dire elephant
 13427 | D:12     | Reached skill level 10 in Unarmed Combat
 13475 | D:12     | Killed a dire elephant
 13804 | D:12     | Found a runed translucent gate.
 13804 | D:12     | Found a runed translucent gate.
 13804 | D:12     | Found a runed translucent gate.
 13805 | D:12     | Noticed MagicSucks's ghost (adept HOAc)
 14055 | D:12     | Noticed a vault guard
 14094 | D:12     | Noticed a vault guard
 14226 | D:12     | Found a glowing golden altar of the Shining One.
 14227 | D:12     | Noticed a tengu warrior
 14256 | D:12     | Killed a tengu warrior
 14399 | D:12     | Killed a vault guard
 14400 | D:12     | Reached skill level 10 in Armour
 14431 | D:12     | Killed a vault guard
 14432 | D:12     | Reached skill level 1 in Shields
 14530 | D:12     | Noticed a vault guard
 14565 | D:12     | Killed a vault guard
 14566 | D:12     | Gained mutation: You are powered by pain. [demonic
                  | ancestry]
 14566 | D:12     | Reached XP level 13. HP: 59/103 MP: 19/19
 14671 | D:12     | Found a gate to the Vaults.
 14865 | D:12     | Reached ****** piety under Dithmenos
 14869 | D:12     | Found a portal to a secret trove of treasure.
 15009 | D:12     | Found a staircase to the Depths.
 15117 | Lair:1   | Entered Level 1 of the Lair of Beasts
 15706 | Lair:1   | Noticed Joseph
 15719 | Lair:1   | Killed Joseph
 16389 | Lair:2   | Found a staircase to the Snake Pit.
 16465 | Lair:2   | Reached skill level 1 in Evocations
 16679 | Lair:2   | Got a transparent granite ring
 16872 | Lair:2   | Found a staircase to the Swamp.
 17386 | Lair:1   | Identified the ring "Meis" {Fire rPois} (You found it on
                  | level 2 of the Lair of Beasts)
 18552 | Lair:3   | Found the +8 whip "Snakebite" {curare, rPois}
 19054 | Lair:4   | Gained mutation: Your flesh is cold resistant. (rC+)
                  | [demonic ancestry]
 19054 | Lair:4   | Reached XP level 14. HP: 109/110 MP: 20/20
 19718 | Lair:4   | Reached skill level 5 in Shields
 19855 | Lair:4   | Learned a level 6 spell: Deflect Missiles
 20087 | Lair:5   | Reached skill level 1 in Charms
 20207 | Lair:5   | Reached skill level 5 in Evocations
 21013 | Lair:6   | Entered Level 6 of the Lair of Beasts
 21332 | Lair:6   | Found a viscous altar of Jiyva.
 21332 | Lair:6   | Found a staircase to the Slime Pits.
 22568 | Lair:6   | Gained mutation: You are immune to freezing clouds.
                  | [demonic ancestry]
 22568 | Lair:6   | Reached XP level 15. HP: 75/115 MP: 21/21
 24224 | Swamp:1  | Entered Level 1 of the Swamp
 24264 | Swamp:1  | Reached skill level 5 in Charms
 24793 | Swamp:1  | Noticed Roxanne
 24852 | Swamp:1  | Killed Roxanne
 25265 | Swamp:1  | Noticed a thorn hunter
 25284 | Swamp:1  | Killed a thorn hunter
 26655 | Swamp:2  | Noticed a thorn hunter
 26670 | Swamp:2  | Killed a thorn hunter
 27398 | Swamp:3  | Entered Level 3 of the Swamp
 27403 | Swamp:3  | Noticed Nikola
 27500 | Swamp:3  | HP: 4/115 [Nikola/+0 rapier of distortion (5)]
 27506 | Swamp:3  | Killed Nikola
 27525 | Swamp:3  | Killed from afar by a death drake

Skill      XL: |  1  2  3  4  5  6  7  8  9 10 11 12 13 14 15 |
---------------+----------------------------------------------+-----
Dodging        | 3 4 5 6 7 8 9 10 11 12 13 | 13.1
Unarmed Combat | 3 4 6 7 8 9 10 11 12 13 | 13.1
Fighting       | 4 5 6 7 9 10 | 10.0
Armour         | 2 3 5 6 7 9 10 11 12 | 12.8
Invocations    | 4 8 9 |  9.0
Shields        | 1 4 5 |  5.2
Evocations     | 3 5 |  5.1
Charms         | 4 6 |  6.7
Stealth        | |  2.3

Action                   |  1- 3 |  4- 6 |  7- 9 | 10-12 | 13-15 || total
-------------------------+-------+-------+-------+-------+-------++-------
Melee: Unarmed           |   179 |   122 |   503 |   902 |  1749 ||  3455
       Punch             |     3 |     1 |    10 |    33 |       ||    47
       Headbutt          |       |    24 |   100 |   200 |   455 ||   779
Throw: Javelin           |       |       |       |       |     3 ||     3
Evoke: Wand              |       |       |     1 |     1 |     6 ||     8
  Use: Scroll            |     5 |     3 |     6 |     8 |    13 ||    35
       Potion            |       |       |     7 |     7 |     7 ||    21
 Stab: Sleeping          |     5 |       |       |     7 |    10 ||    22
       Paralysed         |       |       |     5 |       |       ||     5
       Invisible         |       |       |     1 |       |       ||     1
       Petrified         |       |       |       |       |    10 ||    10
       Distracted        |       |       |       |       |     1 ||     1
  Eat: Chunk             |     6 |     7 |    19 |    19 |    34 ||    85
       Ration            |       |       |     2 |     7 |    10 ||    19
Armor: Robe              |    27 |       |       |       |       ||    27
       Chain mail        |    36 |    75 |   318 |    17 |       ||   446
       Skin              |       |       |    49 |     4 |       ||    53
       Scale mail        |       |       |       |   152 |   122 ||   274
       Acid dragon scale |       |       |       |   126 |   270 ||   396
       Plate armour      |       |       |       |       |    55 ||    55
Dodge: Dodged            |    87 |    28 |   308 |   645 |  1023 ||  2091
Block: Other             |       |       |       |    88 |       ||    88
       Reflection        |       |       |       |     5 |    11 ||    16
       Buckler           |       |       |       |    31 |  1194 ||  1225
